 Dungeon Crawl Stone Soup version 0.26-a0-859-gf57989e088 (webtiles) character file.

Game seed: 7865443492700112275

8 Atelerd the Magician (level 2, 0/17 HPs)
             Began as an Octopode Hedge Wizard on Nov 25, 2020.
             Slain by a small abomination (17 damage)
             ... on level 2 of the Abyss.
             The game lasted 00:03:10 (591 turns).

Atelerd the Magician (Octopode Hedge Wizard)         Turns: 591, Time: 00:03:11

Health: 0/17       AC:  1    Str:  7    XL:     2   Next: 8%
Magic:  6/6        EV: 13    Int: 16    God:
Gold:   11         SH:  0    Dex: 11    Spells: 2/7 levels left

rFire    . . .     SeeInvis .   a - +0 dagger
rCold    . . .     Faith    .   (no shield)
rNeg     . . .     Spirit   .   b - +0 hat
rPois    .         Reflect  .   (no amulet)
rElec    .         Harm     .   (no ring)
rCorr    .         Rampage  .   (no ring)
MR       .....                  (no ring)
Stlth    +++.......             (no ring)
HPRegen  0.05/turn              (no ring)
MPRegen  0.10/turn              (no ring)
                                (no ring)
                                (no ring)

@: no status effects
A: almost no armour, stealthy swim, amphibious, 8 rings, constrict 8, camouflage
1, weak 1, gelatinous body 1
a: no special abilities


You were on level 2 of the Abyss.
You visited 1 branch of the dungeon, and saw 2 of its levels.
You visited the Abyss 1 time.

You collected 11 gold pieces.

Inventory:

Hand Weapons
 a - a +0 dagger (weapon)
 f - a +0 short sword of distortion
Armour
 b - a +0 hat (worn)
Scrolls
 e - a scroll of immolation {unknown}
Potions
 c - 2 potions of curing {unknown}
 d - a potion of degeneration {unknown}
 g - a potion of mutation {unknown}


   Skills:
 - Level 2.0 Dodging
 - Level 2.6 Stealth
 + Level 3.3 Spellcasting
 * Level 1.4 Conjurations
 - Level 1.0 Summonings
 - Level 1.0 Translocations


You had 2 spell levels left.
You knew the following spells:

 Your Spells              Type           Power        Failure   Level
a - Magic Dart            Conj           #...         11%         1
b - Blink                 Tloc           N/A          19%         2
c - Slow                  Hex            #.......     28%         2

Your spell library contained the following spells:

 Spells                   Type           Power        Failure   Level
 Call Imp                 Summ           #.......     19%         2
 Conjure Flame            Conj/Fire      #.......     38%         3
 Mephitic Cloud           Conj/Pois/Air  #.......     41%         3


Dungeon Overview and Level Annotations

Branches:
Dungeon (2/15)

Altars:


Innate Abilities, Weirdness & Mutations

You cannot wear most types of armour.
You are very stealthy in the water. (Stealth+)
You are amphibious.
You can wear up to eight rings at the same time.
You can use your tentacles to constrict eight enemies at once.
Your skin changes colour to match your surroundings (Stealth+).
Your rubbery body absorbs attacks. (AC +1, EV +1)
You are weak. (Str -2)


Message History

This spell is extremely dangerous to cast!
Memorise Slow, consuming 2 spell levels and leaving 2?
You start memorising the spell.
You continue memorising. x2
You finish memorising.
Spell assigned to 'c'.
An iron imp comes into view.
Found an emerald potion.
Found a yellow potion.
A neqoxec comes into view.
The neqoxec shouts!
The neqoxec gestures at you.
Strange energies course through your body.
You feel weaker.
Press: ? - help, v - describe, . - travel The floor.
A small abomination comes into view.
Found a corrupted altar of Lugonu.
Found a trident.
The small abomination hits you!
Ouch! That really hurt!
You die...

... .... ..... .. .
..... ....#### ###......
....3...#######..#...)..
.#.......##.#.#..#......
......#..#.....##.......
...!....3......x.......
... ...#..#.#..@....##
....... ........###._#
####..##.......#.# .#
###.. .#........#
..######.#....##. ## ..
.#..#..#.# ## #...
..####.#.# #. ..##
.......# #.......
##...##


You could see a neqoxec and a small abomination.

Vanquished Creatures
  A dart slug (D:1)
  A goblin (D:1)
  A hobgoblin (D:1)
  2 bats (D:1)
  A frilled lizard (D:1)
  A kobold (D:2)
7 creatures vanquished.

Notes
Turn   | Place    | Note
-------+----------+-------------------------------------------
     0 | D:1      | Atelerd the Octopode Hedge Wizard began the quest for the
                  | Orb.
     0 | D:1      | Reached XP level 1. HP: 11/11 MP: 4/4
   460 | D:1      | Reached XP level 2. HP: 17/17 MP: 1/6
   476 | D:2      | Cast into level 2 of the Abyss (unwielding a weapon of
                  | distortion)
   550 | Abyss:2  | Learned a level 2 spell: Blink
   553 | Abyss:2  | Learned a level 2 spell: Slow
   580 | Abyss:2  | Noticed a neqoxec
   580 | Abyss:2  | Gained mutation: You are weak. (Str -2) [a neqoxec]
   588 | Abyss:2  | Found a corrupted altar of Lugonu.
   588 | Abyss:2  | Noticed a small abomination
   591 | Abyss:2  | Slain by a small abomination

Illustrated notes

Levels and vault maps discovered:
D:1:      evilmike_arrival_crescent, layout_rooms
D:2:      layout_basic
Abyss:2:  base:
D:2

Action                   || total
-------------------------++-------
Melee: Dagger            ||     5
       Constrict         ||     2
       Tentacles         ||     2
 Cast: Magic Dart        ||    14
Dodge: Dodged            ||     8

Table legend: (Time is in decaauts)
 A = Elapsed time spent in this place.
 B = Non-inter-level travel time spent in this place.
 C = Inter-level travel time spent in this place.
 D = Time resting spent in this place.
 E = Time spent auto-exploring this place.
 F = Levels seen in this place.
 G = Mean time per level.
                   A        B        C        D        E       F      G
               +--------+--------+--------+--------+--------+-----+--------+
         Total |    589 |    589 |      0 |    381 |     96 |   3 |  196.3 |
       Dungeon |    475 |    475 |      0 |    332 |     96 |   2 |  237.5 |
         Abyss |    114 |    114 |      0 |     49 |      0 |   1 |  114.0 |
               +--------+--------+--------+--------+--------+-----+--------+

Top non-repeatable levels by time:
     D:1: 473 daAuts
 Abyss:2: 114 daAuts
     D:2: 2 daAuts
